[Event "ICC tourney 2768 (30 10)"]
[Site "Internet Chess Club"]
[Date "2021.12.18"]
[Round "4"]
[White "Mason, Nelson:nelsonmason"]
[Black "VYAKARANAM, AARUSH:AarushV5"]
[Result "1/2-1/2"]
[ICCResult "Black stalemated"]
[WhiteElo "1460"]
[BlackElo "686"]
[Opening "Ponziani: Jaenisch counter-attack"]
[ECO "C44"]
[NIC "KP.05"]
[Time "19:01:01"]
[PlyCount "115"]
[TimeControl "1800+10"]

1. e4 e5 2. Nf3 Nc6 3. c3 Nf6 4. Qe2 Bc5 5. g3 h6 6. Bg2 O-O 7. O-O Re8 8.
Rd1 d5 9. d4 exd4 10. cxd4 Bb6 11. e5 Ne4 12. Nc3 Nxc3 13. bxc3 f6 14. Qd3
fxe5 15. Nxe5 Nxe5 16. dxe5 Rxe5 17. Bxh6 Bf5 18. Bxd5+ Kh8 19. Be4 Qxd3 20.
Bxd3 Bxd3 21. Bxg7+ Kxg7 22. Rxd3 c6 23. Rd7+ Kg8 24. Kg2 Re2 25. Rxb7 Rxf2+
26. Kh3 Rf7 27. Rxf7 Kxf7 28. Rf1+ Kg6 29. Kg4 Be3 30. h4 Kh6 31. Rf6+ Kg7
32. Rxc6 Kh7 33. h5 Rb8 34. c4 Rg8+ 35. Rg6 Rxg6+ 36. hxg6+ Kxg6 37. a4 a6
38. Kf3 Bg1 39. Ke4 Kg5 40. Kd5 Bf2 41. c5 Bxg3 42. Ke6 Kg6 43. Kd7 Kf7 44.
c6 Kf6 45. c7 Bxc7 46. Kxc7 Ke5 47. a5 Kd5 48. Kb6 Kd6 49. Ka7 Kc7 50. Kxa6
Kb8 51. Kb6 Ka8 52. Kc6 Ka7 53. Kb5 Kb7 54. a6+ Ka7 55. Ka5 Ka8 56. Kb6 Kb8
57. a7+ Ka8 58. Ka6 {Black stalemated} 1/2-1/2

[Event "ICC tourney 2768 (30 10)"]
[Site "Internet Chess Club"]
[Date "2021.12.18"]
[Round "4"]
[White "HOSSAIN, AZHER:Azher2009"]
[Black "Mason, Mike W:MikeWMason"]
[Result "1-0"]
[ICCResult "Black forfeits on time"]
[WhiteElo "1650"]
[BlackElo "1604"]
[Opening "Réti: advance variation"]
[ECO "A09"]
[NIC "RE.15"]
[Time "19:01:21"]
[PlyCount "73"]
[TimeControl "1800+10"]

1. Nf3 d5 2. c4 d4 3. g3 Nc6 4. Bg2 e5 5. d3 Bb4+ 6. Bd2 Qe7 7. a3 Bxd2+ 8.
Nbxd2 a5 9. O-O Nf6 10. Rc1 h6 11. c5 Be6 12. Nc4 Nd7 13. Qc2 O-O 14. b4
axb4 15. axb4 f6 16. Rb1 Qf7 17. Nfd2 Ra7 18. b5 Ne7 19. b6 Raa8 20. Bxb7
cxb6 21. c6 Nc5 22. Bxa8 Rxa8 23. Nxb6 Ra2 24. Qc1 Nd5 25. Qxc5 Nc3 26. Rbe1
Qc7 27. Nbc4 Kh7 28. Ra1 Bd5 29. f3 Bxc4 30. Nxc4 Nxe2+ 31. Kh1 Rxa1 32.
Rxa1 Nc3 33. Ra7 Qb8 34. Qe7 Qb1+ 35. Kg2 Qc2+ 36. Kh3 Kg6 37. Qxg7+
{Black forfeits on time}
1-0

[Event "ICC tourney 2768 (30 10)"]
[Site "Internet Chess Club"]
[Date "2021.12.18"]
[Round "4"]
[White "JIMENEZ, LUIS A:eltuna"]
[Black "BRUDNO, STEPHEN:StevChess01"]
[Result "1-0"]
[ICCResult "Black forfeits on time"]
[WhiteElo "1513"]
[BlackElo "1478"]
[Opening "Nimzo-Indian: 4.e3 O-O"]
[ECO "E46"]
[NIC "NI.11"]
[Time "19:01:01"]
[PlyCount "89"]
[TimeControl "1800+10"]

1. d4 Nf6 2. c4 e6 3. Nc3 Bb4 4. e3 O-O 5. Bd2 d5 6. Nf3 c6 7. Qc2 Be7 8.
Bd3 g6 9. O-O Nbd7 10. cxd5 exd5 11. Na4 Ne8 12. b4 Nd6 13. Nc3 Nb6 14. b5
Bf5 15. bxc6 Bxd3 16. Qxd3 bxc6 17. Ne5 Rc8 18. Qe2 Ndc4 19. Nxc4 Nxc4 20.
Nd1 f5 21. Bc3 Rb8 22. Nb2 Nxb2 23. Bxb2 Qa5 24. Rfc1 Rfc8 25. a4 Bb4 26.
Qd3 Rb6 27. h3 Kf7 28. Bc3 Bxc3 29. Rxc3 Rb4 30. Rc5 Qb6 31. a5 Qb7 32. Qc3
Rb5 33. Rc1 Rxc5 34. Qxc5 Ke6 35. g4 fxg4 36. hxg4 Kd7 37. e4 dxe4 38. Qe5
Rc7 39. Qxe4 Qb3 40. Re1 Qf7 41. g5 Kd8 42. Qe5 Kd7 43. a6 Kd8 44. Qd6+ Kc8
45. f4 {Black forfeits on time} 1-0

[Event "ICC tourney 2768 (30 10)"]
[Site "Internet Chess Club"]
[Date "2021.12.18"]
[Round "5"]
[White "Thomas, Mitchell:byumitchell"]
[Black "CAO, DANIEL:danielcao"]
[Result "1-0"]
[ICCResult "Black resigns"]
[WhiteElo "1259"]
[BlackElo "1271"]
[Opening "Sicilian defense"]
[ECO "B30"]
[NIC "SI.31"]
[Time "21:00:27"]
[PlyCount "21"]
[TimeControl "1800+10"]

1. e4 c5 2. Nf3 Nc6 3. b4 cxb4 4. d4 Nf6 5. Bd3 d5 6. e5 Ne4 7. O-O Bg4 8.
h3 Bxf3 9. Qxf3 Nxd4 10. Qd1 Ne6 11. Bb5+ {Black resigns} 1-0

[Event "ICC tourney 2768 (30 10)"]
[Site "Internet Chess Club"]
[Date "2021.12.18"]
[Round "5"]
[White "HAMLETT, JAMES MORRISON:Hamlett144"]
[Black "HE, EDEN:edenhe"]
[Result "0-1"]
[ICCResult "White resigns"]
[WhiteElo "1200"]
[BlackElo "1480"]
[Opening "French: Rubinstein variation"]
[ECO "C10"]
[NIC "FR.07"]
[Time "21:00:27"]
[PlyCount "56"]
[TimeControl "1800+10"]

1. e4 e6 2. d4 d5 3. Nc3 dxe4 4. Nxe4 Nd7 5. Bd3 Ngf6 6. Bg5 Be7 7. Qf3 O-O
8. h4 h6 9. Bxh6 gxh6 10. Qg3+ Kh8 11. Ng5 Nh5 12. Nxf7+ Rxf7 13. Qg6 Qf8
14. Qxh5 Rxf2 15. Nf3 Rxg2 16. O-O-O Qf4+ 17. Kb1 Nf6 18. Qf7 Rg7 19. Ne5
Rxf7 20. Nxf7+ Kg7 21. Ne5 h5 22. Rhg1+ Ng4 23. Rdf1 Qxd4 24. Rf7+ Kh8 25.
Ng6+ Kg8 26. Rgf1 Bf6 27. R7xf6 Nxf6 28. Ne5 Qxe5 {White resigns} 0-1

[Event "ICC tourney 2768 (30 10)"]
[Site "Internet Chess Club"]
[Date "2021.12.18"]
[Round "5"]
[White "VYAKARANAM, AARUSH:AarushV5"]
[Black "SHANMUGAM, MEERA:K05-16606945"]
[Result "0-1"]
[ICCResult "White checkmated"]
[WhiteElo "686"]
[BlackElo "1371"]
[Opening "Four knights: double Ruy Lopez"]
[ECO "C49"]
[NIC "KP.03"]
[Time "21:00:17"]
[PlyCount "106"]
[TimeControl "1800+10"]

1. e4 e5 2. Nf3 Nf6 3. Nc3 Nc6 4. Bb5 Bb4 5. Bxc6 dxc6 6. Nxe5 O-O 7. d4
Nxe4 8. O-O Nxc3 9. bxc3 Bxc3 10. Rb1 Bxd4 11. Bb2 Bxb2 12. Rxb2 Qf6 13. Re1
Re8 14. Rb1 Bf5 15. Nd7 Bxd7 16. Qxd7 Rxe1+ 17. Rxe1 Qd8 18. Qe7 Qxe7 19.
Rxe7 Rd8 20. h3 Rc8 21. c4 h6 22. a4 a6 23. c5 Kf8 24. Rd7 Ke8 25. Rd4 b5
26. cxb6 cxb6 27. Re4+ Kf8 28. Rd4 Ke7 29. Kf1 b5 30. axb5 axb5 31. Ke2 c5
32. Re4+ Kd7 33. Kd3 Kc6 34. Kc3 Rd8 35. Re7 b4+ 36. Kb3 Rd7 37. Rxd7 Kxd7
38. Kc4 Kd6 39. g4 g5 40. f3 f6 41. Kb3 Kd5 42. Kc2 Kc4 43. Kb2 Kd3 44. Kb3
Ke3 45. Kc4 Kxf3 46. Kxc5 b3 47. Kd4 b2 48. Kc3 b1=Q 49. Kd2 Qb3 50. Ke1 Ke3
51. Kf1 Qc2 52. Kg1 Kf3 53. Kh1 Qg2# {White checkmated} 0-1

[Event "ICC tourney 2768 (30 10)"]
[Site "Internet Chess Club"]
[Date "2021.12.18"]
[Round "5"]
[White "BRUDNO, STEPHEN:StevChess01"]
[Black "TERANCE JOE HESTON, NITISH JOSON:Nitish1005"]
[Result "1/2-1/2"]
[ICCResult "Game drawn by mutual agreement"]
[WhiteElo "1478"]
[BlackElo "1050"]
[Opening "King's Indian: Sämisch, 5...O-O"]
[ECO "E81"]
[NIC "KI.48"]
[Time "21:00:17"]
[PlyCount "103"]
[TimeControl "1800+10"]

1. d4 Nf6 2. c4 g6 3. f3 Bg7 4. e4 d6 5. Nc3 O-O 6. Be3 Nbd7 7. Nh3 c5 8. d5
Ne5 9. Nf2 Ne8 10. Qd2 f5 11. Bh6 fxe4 12. fxe4 Nf6 13. Bxg7 Kxg7 14. O-O-O
a6 15. a4 Bd7 16. b3 Qa5 17. Kc2 Rab8 18. h3 Rfc8 19. Nd3 Nxd3 20. Bxd3 b5
21. axb5 axb5 22. Ra1 Qc7 23. Ra2 bxc4 24. bxc4 Rb7 25. Rha1 Rcb8 26. Kd1 e6
27. dxe6 Bxe6 28. Nd5 Bxd5 29. exd5 Nd7 30. h4 h6 31. h5 g5 32. Ke1 Ne5 33.
Kf1 Qf7+ 34. Kg1 Nxd3 35. Qxd3 Rf8 36. Rf1 Qxf1+ 37. Qxf1 Rxf1+ 38. Kxf1 Rb4
39. Rc2 Kf6 40. Ke2 Kf5 41. Kd3 Rb3+ 42. Kd2 Kg4 43. Ra2 Rb6 44. Kc3 Kxh5
45. Ra8 Kg4 46. Rc8 Rb7 47. Rd8 Rb6 48. Rc8 Kf5 49. Rh8 Kg6 50. Rc8 Kf7 51.
Rc7+ Kf6 52. Rh7 {Game drawn by mutual agreement} 1/2-1/2

[Event "ICC tourney 2768 (30 10)"]
[Site "Internet Chess Club"]
[Date "2021.12.18"]
[Round "5"]
[White "HERREROS, STEPHEN:alekhine1031"]
[Black "MOHAN, SHANKARA:BellaVista"]
[Result "1-0"]
[ICCResult "Black resigns"]
[WhiteElo "1466"]
[BlackElo "1228"]
[Opening "Réti: Nimzovich-Larsen attack"]
[ECO "A06"]
[NIC "QP.09"]
[Time "21:00:18"]
[PlyCount "77"]
[TimeControl "1800+10"]

1. Nf3 d5 2. b3 Nf6 3. Bb2 Bf5 4. e3 c5 5. c4 e6 6. Na3 Nc6 7. Be2 Bd6 8.
O-O O-O 9. d3 Be7 10. cxd5 exd5 11. Rc1 b6 12. Nc2 Re8 13. d4 cxd4 14. Ncxd4
Nxd4 15. Nxd4 Bd7 16. Qd3 Ne4 17. a3 Nc5 18. Qd1 Bf6 19. b4 Ne6 20. Nxe6
Bxe6 21. Qd2 Qe7 22. Bf3 Red8 23. Bxf6 Qxf6 24. Rc3 Rac8 25. Rfc1 Rxc3 26.
Rxc3 Qe7 27. Qc1 a6 28. Rc7 Qd6 29. Rc6 Qb8 30. Be2 Bd7 31. Rc7 b5 32. Qc5
Rc8 33. Rxc8+ Qxc8 34. Qxd5 Be6 35. Qc5 Qd8 36. Qc6 Bc8 37. h3 h6 38. Qa8
Kh7 39. Bg4 {Black resigns} 1-0

[Event "ICC tourney 2768 (30 10)"]
[Site "Internet Chess Club"]
[Date "2021.12.18"]
[Round "5"]
[White "AYYAPPAN, SANTHOSH:SanthoshA"]
[Black "RAIFE, ASHOK:ashokbidani"]
[Result "0-1"]
[ICCResult "White resigns"]
[WhiteElo "1643"]
[BlackElo "1644"]
[Opening "Grünfeld: exchange variation"]
[ECO "D85"]
[NIC "GI.04"]
[Time "21:00:21"]
[PlyCount "127"]
[TimeControl "1800+10"]

1. d4 Nf6 2. c4 g6 3. Nc3 d5 4. cxd5 Nxd5 5. e4 Nxc3 6. bxc3 Bg7 7. Be3 c5
8. Ne2 O-O 9. dxc5 Qa5 10. Qc2 Na6 11. Nd4 Nxc5 12. Bd3 Nxd3+ 13. Qxd3 b6
14. O-O Ba6 15. c4 Rfd8 16. f4 Rac8 17. Rac1 Qc5 18. Rfd1 Bxc4 19. Qc3 Bxa2
20. Qb2 Bxd4 21. Rxd4 Qa5 22. Rxd8+ Rxd8 23. Ra1 Rd3 24. Kf2 Ra3 25. Rd1 f6
26. e5 Qc3 27. Rd8+ Kf7 28. Qxc3 Rxc3 29. exf6 Rc2+ 30. Kg3 Kxf6 31. Ra8 b5
32. Rxa7 b4 33. h4 Bd5 34. Ra6+ e6 35. Bd4+ Kf5 36. Ra7 Rxg2+ 37. Kh3 Rd2
38. Be5 b3 39. Rxh7 b2 40. Rf7+ Ke4 41. Bxb2 Rxb2 42. Rf6 Kf3 43. Rxg6 Rb1
44. Rg3+ Kxf4 45. Rg4+ Kf3 46. Rg3+ Kf2 47. Rc3 Rb3 48. Rxb3 Bxb3 49. h5 e5
50. h6 Bc2 51. Kg4 Ke3 52. Kg5 Kd4 53. Kf6 Bh7 54. Kg7 Bf5 55. Kf6 Ke4 56.
Kg5 Bh7 57. Kf6 Kf4 58. Kg7 Bf5 59. Kf6 e4 60. Kg7 e3 61. h7 Bxh7 62. Kxh7
e2 63. Kg7 e1=Q 64. Kh6 {White resigns} 0-1

[Event "ICC tourney 2768 (30 10)"]
[Site "Internet Chess Club"]
[Date "2021.12.18"]
[Round "5"]
[White "SAPRU, AGASTYA:auggie29"]
[Black "EISENMAN, KATHERINE:kgeisenman32"]
[Result "1-0"]
[ICCResult "Black checkmated"]
[WhiteElo "1475"]
[BlackElo "1483"]
[Opening "Queen's bishop game"]
[ECO "D00"]
[NIC "QP.08"]
[Time "21:00:27"]
[PlyCount "69"]
[TimeControl "1800+10"]

1. d4 d5 2. Bf4 Nf6 3. Nf3 e6 4. e3 c5 5. c3 Qb6 6. Qc2 Nc6 7. Nbd2 Bd7 8.
Bd3 Rc8 9. Qb3 c4 10. Qxb6 axb6 11. Bc2 Be7 12. e4 O-O 13. e5 Ne8 14. O-O
Nc7 15. Rae1 b5 16. a3 f5 17. exf6 Bxf6 18. Be5 Nxe5 19. Nxe5 Bc6 20. f4
Rce8 21. Ndf3 Na8 22. f5 exf5 23. Bxf5 Nb6 24. Ng4 Na4 25. Nge5 Rd8 26. Be6+
Kh8 27. Nf7+ Rxf7 28. Bxf7 Nxb2 29. Ne5 Bxe5 30. dxe5 g6 31. e6 Be8 32. e7
Rb8 33. Bxe8 Rxe8 34. Rf8+ Rxf8 35. exf8=Q# {Black checkmated} 1-0

[Event "ICC tourney 2768 (30 10)"]
[Site "Internet Chess Club"]
[Date "2021.12.18"]
[Round "5"]
[White "SHAH-GUSTAFSSON, LINNEA:Saga44"]
[Black "Mason, Nelson:nelsonmason"]
[Result "1-0"]
[ICCResult "Black forfeits on time"]
[WhiteElo "1126"]
[BlackElo "1460"]
[Opening "Sicilian defense"]
[ECO "B32"]
[NIC "SI.31"]
[Time "21:00:20"]
[PlyCount "89"]
[TimeControl "1800+10"]

1. e4 c5 2. Nf3 Nc6 3. d4 e6 4. Be3 b6 5. Nbd2 d5 6. exd5 exd5 7. Bb5 Bb7 8.
O-O Ne7 9. Nb3 c4 10. Nbd2 Ng6 11. c3 Bd6 12. Re1 O-O 13. Bg5 Be7 14. Bxe7
Ncxe7 15. Re3 Nf5 16. Re1 Ngh4 17. Nxh4 Qxh4 18. Nf3 Qf6 19. Re5 a6 20. Ba4
b5 21. Bc2 Nh4 22. Nxh4 Qxh4 23. Qe2 g6 24. Re1 Bc6 25. Re7 Rae8 26. Rxe8
Rxe8 27. Qd2 Rxe1+ 28. Qxe1 Qg5 29. a3 Bd7 30. Qe3 Qf6 31. Qe5 Qxe5 32. dxe5
g5 33. g3 Kg7 34. f4 h6 35. Kf2 gxf4 36. gxf4 f6 37. Ke3 f5 38. Kd4 Be6 39.
Kc5 Kg6 40. Bd1 Kf7 41. Kd6 Bc8 42. Bh5+ Kf8 43. Kxd5 Bb7+ 44. Kd6 Be4 45.
e6 {Black forfeits on time} 1-0

[Event "ICC tourney 2768 (30 10)"]
[Site "Internet Chess Club"]
[Date "2021.12.18"]
[Round "5"]
[White "Mason, Mike W:MikeWMason"]
[Black "JIMENEZ, LUIS A:eltuna"]
[Result "1-0"]
[ICCResult "Black resigns"]
[WhiteElo "1604"]
[BlackElo "1513"]
[Opening "Caro-Kann: classical, 7...Nd7"]
[ECO "B19"]
[NIC "CK.11"]
[Time "21:00:26"]
[PlyCount "71"]
[TimeControl "1800+10"]

1. e4 c6 2. d4 d5 3. Nd2 dxe4 4. Nxe4 Bf5 5. Ng3 Bg6 6. h4 h6 7. Nf3 Nd7 8.
Bd3 Bxd3 9. Qxd3 Ngf6 10. Bd2 e6 11. O-O-O Be7 12. Ne2 O-O 13. Rdg1 c5 14.
g4 cxd4 15. g5 Nc5 16. Qxd4 Qxd4 17. Nfxd4 hxg5 18. hxg5 Nfe4 19. Be3 Rac8
20. Kb1 Rfd8 21. Rh2 f5 22. g6 Bf6 23. f3 Nd6 24. Rgh1 Kf8 25. Rh8+ Ke7 26.
Rxd8 Rxd8 27. Nxf5+ exf5 28. Bxc5 b6 29. Ba3 Kd7 30. Rd1 Kc7 31. Nf4 Rd7 32.
Nd5+ Kc6 33. Nxf6 gxf6 34. Rxd6+ Rxd6 35. Bxd6 Kxd6 36. g7 {Black resigns}
1-0

[Event "ICC tourney 2768 (30 10)"]
[Site "Internet Chess Club"]
[Date "2021.12.18"]
[Round "5"]
[White "HOSSAIN, AZHER:Azher2009"]
[Black "VAZQUEZ, DANIEL ORLANDO:Nacaroa-Dan"]
[Result "0-1"]
[ICCResult "White resigns"]
[WhiteElo "1650"]
[BlackElo "1660"]
[Opening "Réti: Lisitsin gambit deferred"]
[ECO "A04"]
[NIC "QP.11"]
[Time "21:00:24"]
[PlyCount "108"]
[TimeControl "1800+10"]

1. Nf3 f5 2. d3 Nf6 3. e4 fxe4 4. dxe4 e6 5. Bd3 Be7 6. O-O O-O 7. Nc3 b6 8.
e5 Nd5 9. Be4 Nxc3 10. bxc3 Nc6 11. Qd3 h6 12. Be3 Bb7 13. Rad1 d5 14. exd6
Bxd6 15. Qc4 Qe8 16. Nh4 Ne5 17. Qd4 Bxe4 18. Qxe4 Qh5 19. Bd4 Rae8 20. Bxe5
Bxe5 21. g3 Bxc3 22. Rd3 Bf6 23. Ng6 Rf7 24. Qc6 Rc8 25. Qxe6 Rb8 26. Nf4
Qe5 27. Re1 Qxe6 28. Rxe6 c5 29. Rdd6 Bd4 30. Nd3 Rbf8 31. Re2 Rf6 32. Rd7
R8f7 33. Rd8+ Kh7 34. Kg2 Rf8 35. Rd7 R6f7 36. Rd6 Rc8 37. f4 b5 38. h3 a5
39. g4 a4 40. f5 b4 41. Rd5 Rb7 42. Nf4 Bc3 43. Re3 Bb2 44. Nd3 Bd4 45. Re2
b3 46. cxb3 axb3 47. axb3 Rxb3 48. Nf4 Bb2 49. Nd3 Ba3 50. Rc2 c4 51. Ne5 c3
52. Rd3 Rb2 53. Rxb2 cxb2 54. Rb3 Rc1 {White resigns} 0-1